Map: Deathaura LE

Players

Astrea

  • Race: Protoss Protoss
  • Spawn Location: 5:00

Cuddlebear - Winner!

  • Race: Terran Terran
  • League: Master
  • Spawn Location: 11:00

VOD

Have the link to the VOD?

Description

Time

  • Played on: July 16, 2020, 6 p.m.
  • Length: 10:24
Show
View Real Time Build Order
Export as new Build Order

Astrea Protoss 

Build Orders: 1 Gate Expand, Blink Stalkers, Colossus Rush 

Get SALT Encoding   

  12  0:00  Probe  
  13  0:12  Probe  
  14  0:17  Pylon  
  14  0:24  Probe  
  15  0:32  Probe  
  15  0:37  Gateway  
  15  0:40  Probe  
  16  0:46  Assimilator  
  17  0:51  Probe  
  18  1:03  Probe  
  19  1:15  Probe  
  20  1:25  Cybernetics Core  
  20  1:32  Nexus  
  20  1:36  Probe  
  21  1:42  Pylon  
  21  1:48  Probe  
  21  1:51  Assimilator  
  21  1:52  Adept  
  22  2:00  Probe  
  23  2:03  Warp Gate  
  25  2:12  Probe, Stalker  
  28  2:24  Probe  
  29  2:36  Probe  
  30  2:38  Twilight Council  
  30  2:40  Probe  
  30  2:48  Probe x2  
  30  2:50  Blink  
  30  2:51  Stalker  
  35  2:58  Probe  
  35  3:00  Gateway, Probe  
  37  3:11  Probe  
  38  3:13  Probe  
  39  3:23  Probe, Stalker  
  39  3:25  Probe, Pylon  
  43  3:35  Probe  
  43  3:37  Probe  
  45  3:47  Probe  
  44  3:49  Probe, Robotics Facility  
  44  3:52  Pylon  
  45  3:56  Stalker  
  45  3:59  Probe  
  45  4:01  Probe, Stalker  
  51  4:11  Probe  
  51  4:12  Nexus  
  51  4:14  Probe  
  53  4:17  Pylon  
  53  4:24  Assimilator, Stalker  
  53  4:26  Probe, Assimilator  
  56  4:32  Probe  
  56  4:36  Stalker  
  56  4:38  Probe, Observer  
  61  4:42  Pylon  
  61  4:46  Probe  
  61  4:50  Probe  
  63  4:55  Forge  
  63  4:56  Robotics Bay  
  63  4:59  Observer  
  63  5:00  Gateway  
  63  5:01  Gateway  
  64  5:09  Probe  
  64  5:12  Probe, Stalker  
  60  5:17  Stalker  
  58  5:21  Probe  
  58  5:27  Probe x2  
  61  5:33  Probe, Protoss Ground Weapons Level 1  
  62  5:39  Probe  
  63  5:42  Probe  
  63  5:45  Probe  
  63  5:47  Probe  
  65  5:50  Probe  
  65  5:53  Colossus  
  65  5:55  Probe  
  73  5:57  Probe  
  73  5:59  Probe  
  76  6:06  Probe  
  76  6:09  Probe  
  76  6:10  Stalker  
  76  6:11  Stalker x2  
  79  6:15  Probe x2, Observer  
  80  6:23  Probe x2  
  80  6:26  Probe  
  80  6:32  Probe  
  83  6:33  Observer  
  83  6:37  Probe  
  83  6:38  Probe  
  86  6:41  Extended Thermal Lance  
  86  6:44  Probe  
  87  6:49  Probe  
  87  6:50  Stalker x3  
  93  6:55  Probe  
  93  7:02  Probe  
  93  7:04  Probe  
  93  7:05  Colossus, Pylon  
  93  7:06  Pylon  
  93  7:07  Pylon  
  93  7:14  Probe  
  93  7:17  Probe, Protoss Ground Weapons Level 2  
  93  7:18  Observer  
  93  7:19  Probe  
  92  7:28  Probe  
  92  7:29  Probe  
  98  7:32  Probe  
  99  7:41  Probe x2  
  99  7:44  Charge, Probe  
  102  7:45  Sentry, Zealot x3  
  110  7:52  Warp Prism  
  110  7:53  Gateway x2  
  110  7:58  Probe  
  110  7:59  Probe x2, Pylon  
  115  8:11  Zealot  
  116  8:17  Pylon  
  116  8:19  Zealot x3  
  122  8:24  Probe  
  122  8:25  Probe x2, Pylon  
  125  8:28  Gravitic Boosters  
  125  8:32  Pylon  
  125  8:34  Gateway x2  
  125  8:37  Probe, Assimilator  
  125  8:38  Probe x2, Assimilator  
  128  8:42  Sentry x2  
  128  8:48  Colossus  
  132  8:52  Forge  
  138  8:57  Nexus  
  138  9:00  Zealot x4  
  146  9:03  Pylon  
  146  9:13  Zealot x2  
  126  9:25  Zealot x4  
  116  9:34  Stalker x4  
  100  9:47  Stalker x4  
  98  10:02  Stalker x3  
  92  10:10  Stalker x4  
Show
View Real Time Build Order
Export as new Build Order

Cuddlebear Terran - Winner!

Build Orders: Reaper Expand 

Get SALT Encoding   

  12  0:01  SCV  
  13  0:13  SCV  
  14  0:17  Supply Depot  
  14  0:25  SCV  
  15  0:38  SCV  
  15  0:40  Barracks  
  16  0:45  Refinery  
  16  0:50  SCV  
  17  1:03  SCV  
  18  1:15  SCV  
  19  1:30  Reaper, Orbital Command  
  20  1:40  Command Center  
  20  1:48  Supply Depot  
  20  1:56  SCV  
  21  2:02  Marine  
  21  2:06  Factory  
  22  2:10  SCV  
  23  2:17  Refinery  
  23  2:22  SCV  
  24  2:24  Barracks Reactor  
  24  2:34  SCV  
  24  2:40  Bunker  
  24  2:46  SCV  
  24  2:50  Hellion  
  27  2:52  Orbital Command  
  27  2:58  Starport  
  27  3:00  SCV  
  27  3:01  Marine  
  27  3:03  Marine  
  31  3:12  SCV  
  31  3:19  SCV  
  30  3:26  SCV  
  31  3:30  Widow Mine  
  31  3:31  Widow Mine, SCV  
  36  3:34  Barracks Tech Lab  
  36  3:36  Medivac  
  36  3:38  SCV  
  38  3:44  SCV  
  38  3:50  SCV  
  38  3:54  Widow Mine x2  
  42  3:56  SCV  
  43  4:02  SCV  
  43  4:06  Supply Depot  
  43  4:08  Starport Tech Lab  
  44  4:10  SCV  
  44  4:11  Supply Depot  
  44  4:15  SCV  
  46  4:27  SCV, Marine x2, Siege Tank  
  46  4:28  Cloaking Field, Supply Depot  
  46  4:30  SCV  
  53  4:40  SCV, Supply Depot  
  53  4:42  Banshee  
  53  4:43  SCV  
  58  4:47  Barracks  
  58  4:51  Supply Depot  
  58  4:52  SCV  
  59  4:53  Marine x2  
  59  4:55  SCV  
  62  5:04  SCV  
  64  5:07  SCV  
  64  5:10  Marine  
  64  5:11  Marine  
  66  5:16  SCV  
  67  5:21  Siege Tank  
  67  5:23  SCV  
  67  5:27  Bunker  
  69  5:28  Banshee  
  69  5:33  Marine  
  69  5:34  Marine x2  
  74  5:36  SCV  
  74  5:40  SCV, Barracks  
  74  5:41  Bunker  
  76  5:45  Refinery  
  76  5:48  Supply Depot, Engineering Bay  
  76  5:49  SCV  
  77  5:52  SCV  
  78  6:00  Barracks Tech Lab  
  78  6:01  SCV, Marine x2  
  81  6:04  SCV  
  82  6:13  SCV  
  82  6:16  SCV  
  78  6:25  SCV  
  77  6:26  Stimpack, Marine x2, Marauder, Supply Depot  
  77  6:28  SCV  
  77  6:32  Factory Reactor  
  82  6:35  Barracks  
  82  6:36  Barracks, Marauder  
  82  6:37  SCV, Starport Reactor  
  85  6:41  SCV  
  85  6:43  Terran Infantry Weapons Level 1  
  85  6:44  Marine, Supply Depot  
  85  6:46  Refinery  
  87  6:49  SCV, Combat Shield  
  87  6:51  Command Center  
  88  6:58  Marine, Marauder  
  88  6:59  SCV  
  88  7:01  Marine, Marauder  
  94  7:03  SCV  
  96  7:11  SCV  
  96  7:13  Medivac  
  96  7:15  SCV, Marine  
  100  7:16  Medivac  
  100  7:20  Marauder  
  102  7:23  Marine  
  102  7:24  Marauder  
  102  7:27  Supply Depot  
  102  7:28  Supply Depot  
  105  7:30  Barracks Tech Lab  
  105  7:33  Marine  
  106  7:38  Factory Tech Lab  
  106  7:40  Marine  
  106  7:41  Marauder  
  106  7:44  Marine  
  109  7:45  Medivac  
  109  7:46  Medivac, Supply Depot  
  109  7:49  Marine x2, Marauder  
  118  7:54  Marine  
  118  7:55  Supply Depot  
  118  7:56  Supply Depot  
  119  7:59  Siege Tank  
  119  8:01  Marine  
  123  8:12  Marine  
  126  8:13  Marauder  
  126  8:18  Marine, Marauder  
  126  8:19  Marine  
  129  8:20  Marauder  
  129  8:21  Medivac  
  129  8:22  Marine  
  129  8:26  Orbital Command  
  135  8:28  Refinery  
  135  8:30  Marine  
  135  8:33  Siege Tank  
  141  8:34  Marauder  
  141  8:35  Marine  
  141  8:37  Marine  
  141  8:40  Refinery, Marine, Marauder  
  146  8:41  Marauder  
  143  8:51  Marine  
  143  8:54  Marine  
  143  8:55  Marine, Marauder  
  147  8:58  Marine  
  147  9:01  Marauder  
  150  9:03  Marauder  
  150  9:08  Marine  
  150  9:12  Marine  
  150  9:15  Marine  
  150  9:16  Marine  
  155  9:17  Marauder  
  155  9:22  Marauder  
  145  9:24  Marauder  
  145  9:26  Marine  
  145  9:30  Marine  
  133  9:33  Marine  
  133  9:35  Marine  
  133  9:36  Siege Tank  
  133  9:37  Medivac x2  
  133  9:38  Marauder  
  133  9:40  SCV x2  
  133  9:41  SCV  
  133  9:44  Marine, Marauder  
  136  9:46  Marauder  
  136  9:51  Marine  
  131  9:52  Marine  
  131  9:59  Marauder  
  113  10:03  Marine  
  110  10:08  SCV x3  
Tags
 
Add a new tag
Caveats
  • Supply blocks, unpowered buildings, or Contaminate may cause inaccurate times.
  • Supply counts are checked every 10 seconds.